 Dungeon Crawl Stone Soup version 0.28.0 (webtiles) character file.

Game seed: 12932300007641281209

10 croobank the Firebug (level 2, -2/20 HPs)
             Began as a Gnoll Fire Elementalist on Feb 11, 2022.
             Slain by a jackal (3 damage)
             ... on level 1 of the Dungeon.
             The game lasted 00:01:33 (231 turns).

croobank the Firebug (Gnoll Fire Elementalist)       Turns: 231, Time: 00:01:33

Health: -2/20      AC:  2    Str:  7    XL:     2   Next: 20%
Magic:  4/7        EV: 13    Int: 14    God:
Gold:   9          SH:  0    Dex: 12    Spells: 9/10 levels left

rFire   . . .      SeeInvis .   e - +0 mace
rCold   . . .      Faith    .   (no shield)
rNeg    . . .      Spirit   .   a - +0 robe
rPois   .          Reflect  .   (no helmet)
rElec   .          Harm     .   (no cloak)
rCorr   .          Rampage  .   (no gloves)
Will    .....                   (no boots)
Stlth   ++........              (no amulet)
HPRegen 0.06/turn               (no ring)
MPRegen 0.10/turn               (no ring)

@: no status effects
A: fangs 1, strong nose, distributed training
a: no special abilities


You were on level 1 of the Dungeon.
You visited 1 branch of the dungeon, and saw 1 of its levels.

You collected 9 gold pieces.

Inventory:

Hand Weapons
 e - a +0 mace (weapon)
Missiles
 b - 3 poisoned darts
 c - 21 stones
 f - 4 boomerangs of dispersal
Armour
 a - a +0 robe (worn)
Scrolls
 d - a scroll of fear {unknown}


   Skills:
 + Level 0.3 Fighting
 + Level 0.3 Short Blades
 + Level 0.3 Long Blades
 + Level 0.3 Axes
 + Level 0.3 Maces & Flails
 + Level 0.3 Polearms
 + Level 0.3 Staves
 + Level 0.3 Slings
 + Level 0.3 Bows
 + Level 0.3 Crossbows
 + Level 0.3 Throwing
 + Level 0.3 Armour
 + Level 4.4 Dodging
 + Level 4.0 Stealth
 + Level 0.3 Shields
 + Level 0.3 Unarmed Combat
 + Level 4.9 Spellcasting
 + Level 2.0 Conjurations
 + Level 0.2 Hexes
 + Level 0.2 Summonings
 + Level 0.2 Necromancy
 + Level 0.2 Translocations
 + Level 0.2 Transmutations
 + Level 5.3 Fire Magic
 + Level 0.2 Ice Magic
 + Level 0.2 Air Magic
 + Level 0.2 Earth Magic
 + Level 0.2 Poison Magic
 + Level 0.4 Invocations
 + Level 0.3 Evocations


You had 9 spell levels left.
You knew the following spells:

 Your Spells              Type           Power      Damage    Failure   Level
a - Foxfire               Conj/Fire      52%        2x1d6     3%          1

Your spell library contained the following spells:

 Spells                   Type           Power      Damage    Failure   Level
 Scorch                   Fire           36%        2d6       3%          2
 Conjure Flame            Conj/Fire      13%        6-21      12%         3
 Inner Flame              Hex/Fire       11%        N/A       17%         3
 Flame Wave               Conj/Fire      13%        2d6       36%         4


Dungeon Overview and Level Annotations

Branches:
Dungeon (1/15)

Altars:


Innate Abilities, Weirdness & Mutations

You have very sharp teeth.
Your uncanny sense of smell can sniff out nearby items.
Your experience applies equally to all skills.


Message History

You hit the jackal.
You kill the jackal!
The giant cockroach barely misses you.
You barely miss the giant cockroach. The giant cockroach bites you.
The giant cockroach barely misses you.
You sock the giant cockroach!
You kill the giant cockroach!
The jackal bites you but does no damage.
You hit the jackal but do no damage.
The jackal is heavily wounded.
The jackal bites you. The jackal misses you.
You hit the jackal but do no damage. Your bite misses the jackal.
The jackal is heavily wounded.
The jackal bites you.
The jackal bites you but does no damage.
You hit the jackal but do no damage.
The jackal is heavily wounded.
The jackal closely misses you.
You hit the jackal but do no damage.
The jackal is heavily wounded.
The jackal closely misses you. The jackal bites you.
* * * LOW HITPOINT WARNING * * *
You hit the jackal. Your punch misses the jackal.
The jackal is severely wounded.
The jackal misses you. The jackal bites you.
* * * LOW HITPOINT WARNING * * *
You hit the jackal.
The jackal is almost dead.
The jackal bites you but does no damage.
The jackal bites you.
* * * LOW HITPOINT WARNING * * *
You closely miss the jackal.
The jackal is almost dead.
The jackal bites you.
* * * LOW HITPOINT WARNING * * *
The jackal bites you but does no damage.
You hit the jackal but do no damage. Your bite misses the jackal.
The jackal is almost dead.
The jackal completely misses you. The jackal bites you.
You die...

! ..####### ........#
........#
........##############
.......wh@............
........#####.......#
##......# #.......#
#......# #.......#
#......# #.......#
...?....# #.######..
.....#### #.# .....
######.### .....
#........#


You could see a dart slug and a jackal.

Vanquished Creatures
  A dart slug (D:1)
  A giant cockroach (D:1)
  3 jackals (D:1)
  A ball python (D:1)
  A frilled lizard (D:1)
  A rat (D:1)
8 creatures vanquished.

Vanquished Creatures (others)
  10 foxfires (D:1)
10 creatures vanquished.

Grand Total: 18 creatures vanquished

Notes
Turn   | Place    | Note
-------+----------+-------------------------------------------
     0 | D:1      | croobank the Gnoll Fire Elementalist began the quest for
                  | the Orb.
     0 | D:1      | Reached XP level 1. HP: 13/13 MP: 6/6
   218 | D:1      | Reached XP level 2. HP: 12/19 MP: 3/7
   230 | D:1      | HP: 1/20 [jackal (1)]
   231 | D:1      | Slain by a jackal

Illustrated notes

Levels and vault maps discovered:
D:1:      minmay_arrival_semitransparent, layout_basic,
          hellmonk_ecumenical_altar_pennies_from_heaven

Skill      XL: |  1 |
---------------+----+-----
Conjurations   | 2 |  2.0
Fighting       | |  0.3
Short Blades   | |  0.3
Long Blades    | |  0.3
Axes           | |  0.3
Maces & Flails | |  0.3
Polearms       | |  0.3
Staves         | |  0.3
Slings         | |  0.3
Bows           | |  0.3
Crossbows      | |  0.3
Throwing       | |  0.3
Armour         | |  0.3
Dodging        | |  4.4
Stealth        | |  4.0
Shields        | |  0.3
Unarmed Combat | |  0.3
Spellcasting   | |  4.9
Hexes          | |  0.2
Summonings     | |  0.2
Necromancy     | |  0.2
Translocations | |  0.2
Transmutations | |  0.2
Fire Magic     | |  5.3
Ice Magic      | |  0.2
Air Magic      | |  0.2
Earth Magic    | |  0.2
Poison Magic   | |  0.2
Invocations    | |  0.4
Evocations     | |  0.3

Action                   || total
-------------------------++-------
Melee: Unarmed           ||     9
       Mace              ||    13
       Punch             ||     1
       Bite              ||     1
 Cast: Foxfire           ||     6
Armor: Robe              ||     5
Dodge: Dodged            ||    15
